 Dungeon Crawl Stone Soup version 0.26-a0-660-gc07710193c (webtiles) character file.

Game seed: 1149053051236589968

23 jiml777 the Grasshopper (level 2, 0/26 HPs)
             Began as a Gnoll Warper on Oct 5, 2020.
             Slain by a gnoll
             ... wielding a +0 halberd
              (7 damage)
             ... on level 1 of the Dungeon.
             The game lasted 00:01:52 (571 turns).

jiml777 the Grasshopper (Gnoll Warper)               Turns: 571, Time: 00:01:52

Health: 0/26       AC:  3    Str: 13    XL:     2   Next: 95%
Magic:  7/7        EV: 14    Int: 15    God:
Gold:   22         SH:  0    Dex: 14    Spells: 10/10 levels left

rFire    . . .     SeeInvis .   a - +0 hand axe
rCold    . . .     Faith    .   (no shield)
rNeg     . . .     Spirit   .   b - +0 leather armour
rPois    .         Reflect  .   (no helmet)
rElec    .         Harm     .   (no cloak)
rCorr    .         Rampage  .   (no gloves)
MR       .....                  (no boots)
Stlth    +.........             (no amulet)
HPRegen  0.08/turn              (no ring)
MPRegen  0.10/turn              (no ring)

@: no status effects
A: distributed training, fangs 1, strong nose
a: no special abilities


You were on level 1 of the Dungeon.
You visited 1 branch of the dungeon, and saw 1 of its levels.

You collected 22 gold pieces.

Inventory:

Hand Weapons
 a - a +0 hand axe (weapon)
Missiles
 e - 5 boomerangs of dispersal (quivered)
 g - 13 arrows
Armour
 b - a +0 leather armour (worn)
Scrolls
 c - a scroll of remove curse {unknown}
 d - a scroll of blinking
 h - a scroll of immolation {unknown}
Potions
 f - a potion of resistance {unknown}
 i - a potion of stabbing {unknown}


   Skills:
 + Level 4.5 Fighting
 + Level 0.5 Short Blades
 + Level 0.5 Long Blades
 + Level 4.5 Axes
 + Level 0.5 Maces & Flails
 + Level 0.5 Polearms
 + Level 0.5 Staves
 + Level 0.5 Slings
 + Level 0.5 Bows
 + Level 0.5 Crossbows
 + Level 2.5 Throwing
 + Level 2.5 Armour
 + Level 4.5 Dodging
 + Level 0.5 Stealth
 + Level 0.5 Shields
 + Level 0.5 Unarmed Combat
 + Level 4.9 Spellcasting
 + Level 0.4 Conjurations
 + Level 0.4 Hexes
 + Level 0.4 Summonings
 + Level 0.4 Necromancy
 + Level 5.4 Translocations
 + Level 0.4 Transmutations
 + Level 0.4 Fire Magic
 + Level 0.4 Ice Magic
 + Level 0.4 Air Magic
 + Level 0.4 Earth Magic
 + Level 0.4 Poison Magic
 + Level 0.7 Invocations
 + Level 0.5 Evocations


You had 10 spell levels left.
You didn't know any spells.
Your spell library contained the following spells:

 Spells                   Type           Power        Failure   Level
 Blink                    Tloc           N/A          3%          2
 Gell's Gravitas          Tloc           ###.......   7%          3
 Lesser Beckoning         Tloc           ###.......   7%          3
 Teleport Other           Tloc           ###.....     7%          3
 Passage of Golubria      Tloc           N/A          22%         4


Dungeon Overview and Level Annotations

Branches:
Dungeon (1/15)

Altars:


Innate Abilities, Weirdness & Mutations

Your experience applies equally to all skills.
You have very sharp teeth.
Your uncanny sense of smell can sniff out nearby items.


Message History

The hobgoblin closely misses you.
You hit the hobgoblin.
You kill the hobgoblin!
The kobold throws a stone.
The stone barely misses you.
The gnoll hits you from afar with a +0 halberd!
* * * LOW HITPOINT WARNING * * *
The kobold hits you but does no damage.
Things that are here:
a +0 club; a hobgoblin corpse The kobold throws a stone.
The stone completely misses you.
You see here a dart slug corpse.
You see here a +0 short sword.
The kobold hits you but does no damage. The gnoll barely misses you.
You see here a dart slug corpse.
You hit the kobold but do no damage. The kobold misses you.
The gnoll misses you.
You slash the kobold!
You kill the kobold!
The gnoll hits you from afar with a +0 halberd!
You die...

...>....#....
#..........#.... #
#..........#.... #.
#..........#.... ####.####
#............... #.......#
#..........#.... #.......#
#..........#..#.
#...=..b####..........#....
#.....lKg)@)..((...........
#......K########..#####....
........# #..............()
........# #.####..#######.#
....l...# #..........#
........# #..#######.#
?.....K.# ###..#.....#.#
......... .....#.....#.#
...........#)#


You could see a gnoll, a leopard gecko, a bat and 2 kobolds.

Vanquished Creatures
  A dart slug (D:1)
  A leopard gecko (D:1)
  A goblin (D:1)
  6 hobgoblins (D:1)
  A bat (D:1)
  A frilled lizard (D:1)
  6 kobolds (D:1)
  3 rats (D:1)
20 creatures vanquished.

Notes
Turn   | Place    | Note
-------+----------+-------------------------------------------
     0 | D:1      | jiml777 the Gnoll Warper began the quest for the Orb.
     0 | D:1      | Reached XP level 1. HP: 20/20 MP: 6/6
    60 | D:1      | Reached XP level 2. HP: 6/26 MP: 7/7
   571 | D:1      | Slain by a gnoll

Illustrated notes

Levels and vault maps discovered:
D:1:      dpeg_arrival_renting, layout_rooms

Action                   || total
-------------------------++-------
Melee: Hand axe          ||    62
       Bite              ||     4
Armor: Leather armour    ||    17
Dodge: Dodged            ||    48

Table legend: (Time is in decaauts)
 A = Elapsed time spent in this place.
 B = Non-inter-level travel time spent in this place.
 C = Inter-level travel time spent in this place.
 D = Time resting spent in this place.
 E = Time spent auto-exploring this place.
 F = Levels seen in this place.
 G = Mean time per level.
                   A        B        C        D        E       F      G
               +--------+--------+--------+--------+--------+-----+--------+
         Total |    575 |    575 |      0 |    338 |     54 |   1 |  575.0 |
       Dungeon |    575 |    575 |      0 |    338 |     54 |   1 |  575.0 |
               +--------+--------+--------+--------+--------+-----+--------+

Top non-repeatable levels by time:
     D:1: 575 daAuts
